 Dungeon Crawl Stone Soup version 0.32-a0-685-g93135e86f0 (webtiles) character file.

Game seed: 4333851406534050879

490 adelrune the Shooter (level 7, 0/54 HPs)
             Began as a Coglin Hunter on Mar 12, 2024.
             Slain by a water moccasin (3 damage)
             ... on level 4 of the Dungeon.
             The game lasted 00:04:55 (3126 turns).

adelrune the Shooter (Coglin Hunter)                Turns: 3126, Time: 00:04:55

Health: 0/54       AC:  3    Str: 10    XL:     7   Next: 14%
Magic:  7/7        EV: 13    Int: 16    God:
Gold:   141        SH:  0    Dex: 17    Spells: 6/6 levels left

rFire   . . .        a - +2 sling {Zihan}
rCold   . . .        d - +0 sling {Yongsun}
rNeg    . . .        c - +0 leather armour
rPois   .            (no helmet)
rElec   .            (no cloak)
rCorr   .            (no gloves)
SInv    .            (no boots)
Will    +....        (amulet unavailable)
Stlth   ++           (ring unavailable)
HPRegen 1.09/turn    (ring unavailable)
MPRegen 0.10/turn    (no gizmo)

%: no passive effects
@: lethally poisoned (0 -> -1), enlightened, flying, revving
A: off-hand wielding, slow wielding, warmup strikes, no jewellery, clever 2,
regeneration 1
a: Invent Gizmo


You were on level 4 of the Dungeon.
You visited 1 branch of the dungeon, and saw 5 of its levels.

You collected 141 gold pieces.

Inventory:

Hand Weapons
 a - a +2 sling (weapon) {Zihan}
 d - a +0 sling (offhand) {Yongsun}
Armour
 c - a +0 leather armour (worn)
Wands
 q - a wand of flame (17)
Scrolls
 b - a scroll of butterflies
 f - 3 scrolls of teleportation {unknown}
 g - 2 scrolls of fear {unknown}
 i - 2 scrolls of immolation
 k - 2 scrolls of acquirement {unknown}
 m - 3 scrolls of revelation {unknown}
 n - 4 scrolls of identify {unknown}
 o - a scroll of blinking {unknown}
 s - a scroll of vulnerability {unknown}
 t - a scroll of silence {unknown}
 u - a scroll of amnesia {unknown}
Potions
 e - 2 potions of mutation
 h - a potion of lignification {unknown}
 j - a potion of enlightenment
 l - a potion of attraction {unknown}
 p - 2 potions of heal wounds {unknown}
 r - a potion of curing {unknown}


   Skills:
 - Level 4.0 Fighting
 * Level 6.0 Ranged Weapons
 + Level 3.7 Dodging
 - Level 0.7 Stealth


You had 6 spell levels left.
You didn't know any spells.
Your spell library contained the following spells:

 Spells                   Type           Power      Damage    Failure   Level
 Hailstorm                Conj/Ice       0%         3d5       71%         3
 Summon Ice Beast         Ice/Summ       0%         N/A       71%         3
 Permafrost Eruption      Ice/Erth       0%         2x4d2     100%        6
 Sculpt Simulacrum        Ice/Alch       0%         N/A       100%        6
 Ozocubu's Refrigeration  Ice            0%         4d7       100%        7
 Polar Vortex             Ice            0%         N/A       100%        9


Dungeon Overview and Level Annotations

Branches:
Dungeon (5/15)
 Temple: D:4-7

Altars:


Innate Abilities, Weirdness & Mutations

You can wield a second weapon in your off-hand.
It takes a long time for you to wield or remove held weapons.
Your first few attacks do less damage.
You cannot equip rings or amulets.
Your mind is very acute. (Int +8, Str/Dex -2)
Your natural rate of healing is unusually fast.


Message History

The water moccasin is lightly wounded.
You feel sick. The water moccasin bites you.
You are more poisoned.
The water moccasin poisons you!
You shoot a sling bullet.
The sling bullet misses the water moccasin.
You shoot a sling bullet.
The sling bullet hits the water moccasin.
The water moccasin is moderately wounded.
You feel very sick. The water moccasin barely misses you.
The water moccasin bites you.
You are too injured to fight recklessly!
You are too injured to fight recklessly!
You are too injured to fight recklessly!
You shoot a sling bullet.
The sling bullet hits the water moccasin.
The water moccasin is moderately wounded.
You shoot a sling bullet.
The sling bullet closely misses the water moccasin.
You feel very sick. The water moccasin bites you.
* * * LOW HITPOINT WARNING * * *
You shoot a sling bullet.
The sling bullet hits the water moccasin.
The water moccasin is heavily wounded.
You shoot a sling bullet.
The sling bullet hits the water moccasin!
The water moccasin is almost dead.
* * * LOW HITPOINT WARNING * * *
You feel very sick. The water moccasin misses you.
The water moccasin closely misses you.
It was a potion of mutation.
You feel extremely strange.
You begin to heal more quickly.
You feel clever. x2
You feel very sick. The water moccasin bites you.
* * * LOW HITPOINT WARNING * * *
It was a potion of enlightenment.
You feel very buoyant.
You fly up into the air.
You feel sick. The water moccasin bites you.
You die...

##### #.# ##### #.# #.
##...## #.####...## #)# #.
#.....#######.........###.#
#.
#..........#####..[...>##.#
#.
#.....####.............##.#
#) ##...##
#######.......##.# ## ##.##
##.........# #.#
#####...###..##### #.#
#.@.....# #..=...# #.#
#S####..###.###..# #.# #.#
#......# #..# #.# #.#
#.##.### #..# #.#
##.####.##.## #..## #.#
######.......##..# #..##
#(#
#...##..########O####..#.
#.#
#.....[..(##............#
#.#
#...#..##..........###.#.


You could see a water moccasin.

Vanquished Creatures
  An ogre (D:4)
  2 phantoms (D:4)
  A bombardier beetle (D:3)
  A hound (D:3)
  An iguana (D:4)
  4 gnolls (D:4)
  6 adders
  2 dart slugs
  A ribbon worm (D:3)
  4 orcs (D:4)
  11 endoplasms
  2 giant cockroaches
  5 goblins
  4 hobgoblins
  6 kobolds
  5 quokkas
  7 ball pythons
  2 bats
  A frilled lizard (D:2)
  9 rats
75 creatures vanquished.

Notes
Turn   | Place    | Note
-------+----------+-------------------------------------------
     0 | D:1      | adelrune the Coglin Hunter began the quest for the Orb.
     0 | D:1      | Reached XP level 1. HP: 16/16 MP: 1/1
   127 | D:1      | Reached XP level 2. HP: 22/22 MP: 2/2
   394 | D:1      | Reached skill level 4 in Ranged Weapons
   497 | D:1      | Reached XP level 3. HP: 28/28 MP: 3/3
   811 | D:2      | Found a faded altar of an unknown god.
  1614 | D:3      | Reached XP level 4. HP: 32/34 MP: 4/4
  2048 | D:4      | Noticed a phantom
  2059 | D:4      | Killed a phantom
  2060 | D:4      | Reached XP level 5. HP: 19/41 MP: 5/5
  2162 | D:4      | Reached skill level 5 in Ranged Weapons
  2374 | D:4      | Reached XP level 6. HP: 40/47 MP: 6/6
  2843 | D:4      | Reached XP level 7. HP: 54/54 MP: 7/7
  2941 | D:4      | Identified the ring of Quiny {rElec rPois}
  2959 | D:4      | Reached skill level 6 in Ranged Weapons
  3117 | D:5      | Entered Level 5 of the Dungeon
  3125 | D:4      | Gained mutation: Your natural rate of healing is unusually
                  | fast. [potion of mutation]
  3125 | D:4      | Gained mutation: Your mind is acute. (Int +4, Str/Dex -1)
                  | [potion of mutation]
  3125 | D:4      | Gained mutation: Your mind is very acute. (Int +8, Str/Dex
                  | -2) [potion of mutation]
  3126 | D:4      | Slain by a water moccasin

Illustrated notes

Levels and vault maps discovered:
D:1:      onia_arrival_handbag, layout_basic, palyth_stone_intersect
D:2:      minmay_alternating_diamond, layout_basic,
          hellmonk_ecumenical_altar_blasted
D:3:      layout_rooms
D:4:      layout_loops_ring
D:5:      layout_rooms, grunt_temple_overflow_champion_of_chaos,
          chequers_temple_overflow_minitemple, tso_oasis_becter,
          minmay_temple_entry_hall

Skill      XL: |  1  2  3  4  5  6  7 |
---------------+----------------------+-----
Dodging        | 2 3 |  3.7
Ranged Weapons | 4 5 6 |  6.0
Fighting       | 3 4 |  4.0
Stealth        | |  0.7

Action                     |  1- 3 |  4- 6 |  7- 9 || total
---------------------------+-------+-------+-------++-------
   Fire: Sling             |   164 |   176 |    36 ||   376
    Use: Potion            |       |       |     2 ||     2
 Armour: Leather armour    |     5 |    39 |     8 ||    52
  Dodge: Dodged            |     6 |    38 |     3 ||    47

Table legend: (Time is in decaauts)
 A = Elapsed time spent in this place.
 B = Non-inter-level travel time spent in this place.
 C = Inter-level travel time spent in this place.
 D = Time resting spent in this place.
 E = Time spent auto-exploring this place.
 F = Levels seen in this place.
 G = Mean time per level.
                   A        B        C        D        E       F      G
               +--------+--------+--------+--------+--------+-----+--------+
         Total |   3166 |   3088 |     78 |    397 |   2245 |   5 |  633.2 |
       Dungeon |   3166 |   3088 |     78 |    397 |   2245 |   5 |  633.2 |
               +--------+--------+--------+--------+--------+-----+--------+

Top non-repeatable levels by time:
     D:4: 939 daAuts
     D:1: 786 daAuts
     D:2: 780 daAuts
     D:3: 657 daAuts
     D:5: 3 daAuts
